 Dungeon Crawl Stone Soup version 0.25-a0-1130-g3926558f3a (webtiles) character file.

Game seed: 17830135903349784975, levelgen mode: deterministic

5 Flugslaktarn the Shield-Bearer (level 1, 0/14 HPs)
             Began as a Gargoyle Fighter on May 19, 2020.
             Slain by a goblin
             ... wielding a +0 dagger
              (1 damage)
             ... on level 2 of the Dungeon.
             The game lasted 00:00:56 (231 turns).

Flugslaktarn the Shield-Bearer (Gargoyle Fighter)    Turns: 231, Time: 00:00:57

Health: 0/14       AC: 10    Str: 19    XL:     1   Next: 80%
Magic:  1/1        EV:  7    Int:  8    God:
Gold:   28         SH:  9    Dex:  9    Spells: 0/0 levels left

rFire    . . .     SeeInvis .   a - +0 war axe
rCold    . . .     Gourm    .   c - +0 kite shield
rNeg     + . .     Faith    .   b - +0 scale mail
rPois    ∞         Spirit   .   (no helmet)
rElec    +         Reflect  .   (no cloak)
rCorr    .         Harm     .   (no gloves)
MR       .....                  f - +0 pair of boots
Stlth    ..........             (no amulet)
HPRegen  0.04/turn              (no ring)
MPRegen  0.07/turn              (no ring)

@: mighty
A: negative energy resistance 1, electricity resistance, unbreathing,
petrification resistance, rot immunity, AC +2
a: no special abilities


You were on level 2 of the Dungeon.
You were not hungry.

You visited 1 branch of the dungeon, and saw 2 of its levels.

You collected 28 gold pieces.

Inventory:

Hand Weapons
 a - a +0 war axe (weapon)
Armour
 b - a +0 scale mail (worn)
 c - a +0 kite shield (worn)
 f - a +0 pair of boots (worn)
   (You found it on level 1 of the Dungeon)
Scrolls
 g - a scroll of amnesia {unknown}
 h - a scroll of magic mapping {unknown}
Comestibles
 e - 2 rations


   Skills:
 + Level 3.3 Fighting
 * Level 2.0 Axes
 + Level 3.3 Armour
 + Level 3.3 Shields


You couldn't memorise any spells.
You didn't know any spells.
Your spell library was empty.

Dungeon Overview and Level Annotations

Branches:
Dungeon (2/15)

Altars:


Innate Abilities, Weirdness & Mutations

You are resistant to torment.
Your stone body is resilient. (AC +2)
You are immune to poison.
You resist negative energy. (rN+)
You are resistant to electric shocks. (rElec)
You can survive without breathing.
You are immune to petrification.
You are immune to rotting.


Message History

You block the quokka's attack. You block the quokka's attack.
A goblin opens the door.
Found 9 gold pieces.
The bat hits you but does no damage.
Found 16 gold pieces.
You closely miss the bat. You slash the quokka!
You kill the quokka!
Your Axes skill increases to level 2!
The bat hits you but does no damage. The goblin hits you but does no damage.
A hobgoblin comes into view. It is wielding a +0 club.
You feel very mighty all of a sudden.
The hobgoblin shouts!
You block the goblin's attack.
Your shield and scale mail prevent you from hitting the goblin.
You slash the adder!
A rat comes into view.
You block the adder's attack. The goblin hits you with a +0 dagger.
You die...

r.... .## ....####
..#.. g.....##..##$
#....## ..........#+
####..#
#..$..#####b##![##.#
#....##.?.+#gh.?.#.#
#....#.$.$.##..($#.#
#..@.#....(###hg##..
###gS#...!.'.####...
##b##?[.##.†......
#S.#####.....>...
#.!w.w........###
#.............###
#####+#..........
#..........
#............


You could see 2 worms, 2 adders, a hobgoblin, a goblin, a bat and a rat
(wandering).

Vanquished Creatures
  A bat (D:1)
  A goblin (D:2)
  A quokka (D:2)
  A kobold (D:2)
  A rat (D:2)
5 creatures vanquished.

Notes
Turn   | Place    | Note
-------+----------+-------------------------------------------
     0 | D:1      | Flugslaktarn the Gargoyle Fighter began the quest for the
                  | Orb.
     0 | D:1      | Reached XP level 1. HP: 14/14 MP: 1/1
   231 | D:2      | Slain by a goblin

Illustrated notes

Levels and vault maps discovered:
D:1:      dpeg_arrival_stone_temple_mockup, layout_basic
D:2:      layout_basic, minmay_joined_circles

Skill      XL: |  1 |
---------------+----+-----
Axes           | 2 |  2.0
Fighting       | |  3.3
Armour         | |  3.3
Shields        | |  3.3

Action                   || total
-------------------------++-------
Melee: War axe           ||    24
  Use: Potion            ||     1
Armor: Scale mail        ||    27
Dodge: Dodged            ||    21
Block: Kite shield       ||    27

Table legend:
 A = Non-vault XP
 B = Vault XP
 C = Vault XP percentage of total XP
 D = Non-vault monster count
 E = Vault monster count
 F = Vault count percentage of total count
                 A         B        C        D         E       F
            +---------+---------+-------+---------+---------+-------
      Total |       6 |       2 |  25.0 |       4 |       1 |  20.0
            +---------+---------+-------+---------+---------+-------
        D:1 |       2 |       0 |   0.0 |       1 |       0 |   0.0
        D:2 |       4 |       2 |  33.3 |       3 |       1 |  25.0
            +---------+---------+-------+---------+---------+-------
